[Event "Titled Tuesday Blitz June 13 Early 2023"]
[White "Itgelt, Khuyagtsogt"]
[Black "Berezin, Viktor"]
[WhiteFideId "4902912"]
[BlackFideId "14107872"]
[WhiteElo "2227"]
[BlackElo "2310"]
[Result "1-0"]
[Round "8"]
[TimeControl "180+2"]
[Date "2023.06.13"]
[WhiteClock "0:00:16"]
[BlackClock "0:00:12"]
[Board "72"]

1. d4 Nf6 2. Bg5 Ne4 3. Be3 d6 4. f3 Nf6 5. Bf2 e5 6. dxe5 dxe5 7. Qxd8+ Kxd8 8. e4 Bd6 9. Bc4 Ke7 10. Ne2 Be6 11. Nd2 a6 12. Bxe6 fxe6 13. Nc1 b5 14. a4 Nbd7 15. Nd3 c5 16. c4 Rab8 17. axb5 axb5 18. Ke2 b4 19. Ra7 Rhc8 20. Nb3 Ke8 21. Rha1 Kd8 22. Rd1 Ke8 23. g4 h6 24. h4 Ra8 25. Rda1 Rxa7 26. Rxa7 Ng8 27. Na5 Ne7 28. Nb7 Bb8 29. Ra6 Nc6 30. Nbxc5 Nxc5 31. Bxc5 Nd4+ 32. Bxd4 exd4 33. Rxe6+ Kf7 34. Rb6 Bg3 35. Rb7+ Kg8 36. Rxb4 Bxh4 37. c5 Be7 38. Rxd4 g6 39. b4 h5 40. gxh5 gxh5 41. f4 h4 42. Kf3 Kf7 43. f5 Rg8 44. Ne5+ Kf6 45. Ng4+ Kg5 46. Rd7 Bd8 47. c6 h3 48. c7 Bxc7 49. Rxc7 Rd8 50. Rg7+ Kh5 51. Kf4 Rh8 52. Rg5+ Kh4 53. Nh2 Rb8 54. Nf3# 1-0


[Site "https://www.chess.com"]

[Event "Titled Tuesday Blitz June 13 Early 2023"]
[White "Ajay Karthikeyan"]
[Black "Ginzburg, Yakov"]
[WhiteFideId "35011685"]
[BlackFideId "4157176"]
[WhiteElo "2321"]
[BlackElo "2305"]
[Result "1-0"]
[Round "8"]
[TimeControl "180+2"]
[Date "2023.06.13"]
[WhiteClock "0:01:26"]
[BlackClock "0:00:00"]
[Board "73"]

1. d4 d5 2. c4 c6 3. Nc3 Nf6 4. Nf3 dxc4 5. a4 Bf5 6. e3 e6 7. Bxc4 Bb4 8. O-O O-O 9. Qb3 Qe7 10. a5 Bd6 11. h3 Ne4 12. Bd2 Nxd2 13. Nxd2 Bxh3 14. gxh3 Qg5+ 15. Kh1 Qh5 16. Kg2 Qg6+ 17. Kh1 Qf5 18. Kg2 Qg5+ 19. Kf3 Qh5+ 20. Kg2 Qg6+ 21. Kh1 Qf5 22. f4 Qxh3+ 23. Kg1 Qg3+ 24. Kh1 Qh3+ 25. Kg1 Qxe3+ 26. Rf2 Qg3+ 27. Rg2 Qe3+ 28. Kh1 Qxf4 29. Nce4 Nd7 30. Rf1 Qh4+ 31. Kg1 Bf4 32. Nf3 Qh6 33. Nfg5 Bxg5 34. Nxg5 Nf6 35. Qd3 Nd5 36. Bxd5 cxd5 37. Rf3 Qg6 38. Qd2 Rac8 39. Rh3 h6 40. Nf3 Qb1+ 41. Kh2 Qc1 42. Qxh6 Qxh6 43. Rxh6 Rc4 44. Rh4 Rfc8 45. Ne5 Rc2 46. Rf4 Rxg2+ 47. Kxg2 f6 48. Nd3 Rc4 49. Kf3 Ra4 50. b4 Ra3 51. Ke2 Kf7 52. Rf1 b6 53. Rc1 bxa5 54. Rc7+ Kg6 55. b5 Rb3 56. Rxa7 Rxb5 57. Ke3 Kf5 58. Rxg7 Rb4 59. Nc5 Rb1 60. Nd3 Ra1 61. Rh7 a4 62. Rh5+ Kg6 63. Rh2 a3 64. Rg2+ Kf7 65. Nb4 1-0


[Site "https://www.chess.com"]

[Event "Titled Tuesday Blitz June 13 Early 2023"]
[White "Veiga, Jose Francisco R P Neves"]
[Black "cristianserban1"]
[WhiteFideId "1930087"]
[WhiteElo "2319"]
[BlackElo "2519"]
[Result "1-0"]
[Round "8"]
[TimeControl "180+2"]
[Date "2023.06.13"]
[WhiteClock "0:00:47"]
[BlackClock "0:00:46"]
[Board "74"]

1. c4 Nf6 2. Nc3 e6 3. e4 d5 4. e5 d4 5. exf6 dxc3 6. bxc3 Qxf6 7. d4 b6 8. Nf3 Bb7 9. Be2 Nd7 10. O-O Bd6 11. c5 bxc5 12. dxc5 Nxc5 13. Bb5+ Kf8 14. Be3 Rd8 15. Bg5 Bxh2+ 16. Kxh2 Rxd1 17. Raxd1 Bxf3 18. Bxf6 Bxd1 19. Bd4 Ne4 20. Rxd1 Ke7 21. f3 Nd6 22. Bc6 a6 23. Rb1 f6 24. a4 h5 25. Bc5 h4 26. Rb7 Rc8 27. Ra7 1-0


[Site "https://www.chess.com"]

[Event "Titled Tuesday Blitz June 13 Early 2023"]
[White "Zochowski, Kacper"]
[Black "Akylbek2021"]
[WhiteFideId "1125494"]
[WhiteElo "2235"]
[BlackElo "2512"]
[Result "1-0"]
[Round "8"]
[TimeControl "180+2"]
[Date "2023.06.13"]
[WhiteClock "0:00:16"]
[BlackClock "0:00:03"]
[Board "75"]

1. Nf3 Nf6 2. c4 g6 3. b3 Bg7 4. Bb2 O-O 5. g3 c6 6. Bg2 d5 7. O-O Bg4 8. d3 Nbd7 9. Nbd2 Re8 10. h3 Bxf3 11. Nxf3 e5 12. cxd5 cxd5 13. Rc1 Rc8 14. Rxc8 Qxc8 15. Qa1 Qb8 16. e3 Bf8 17. h4 Bd6 18. Bh3 Nb6 19. Rb1 Nh5 20. Bg2 e4 21. dxe4 dxe4 22. Nh2 Bxg3 23. fxg3 Qxg3 24. Nf1 Qxh4 25. Rd1 Rc8 26. Bc3 Qg4 27. Be1 Nd7 28. Qd4 Ndf6 29. Nh2 Qg5 30. Bf2 Rc2 31. Qxa7 Qf5 32. Rf1 Ng4 33. Nxg4 Qxg4 34. Qxb7 Nf6 35. a4 Qg5 36. Qb5 Qh6 37. Qb8+ Kg7 38. Qe5 Rc6 39. a5 Re6 40. Qd4 Kg8 41. Bg3 Qg5 42. Bf4 Qg4 43. Rc1 h5 44. Be5 Ne8 45. Bh8 h4 46. Rc8 f6 47. Qd7 Kxh8 48. Rxe8+ Rxe8 49. Qxg4 f5 50. Qxg6 Rc8 51. Qh6+ Kg8 52. Qg5+ Kh8 53. Qh5+ Kg8 54. Qxf5 Rc1+ 55. Kh2 1-0


[Site "https://www.chess.com"]

[Event "Titled Tuesday Blitz June 13 Early 2023"]
[White "Miranda, Rafael"]
[Black "Bagwe Gaurang"]
[WhiteFideId "130990"]
[BlackFideId "45039895"]
[WhiteElo "2204"]
[BlackElo "1847"]
[Result "1-0"]
[Round "8"]
[TimeControl "180+2"]
[Date "2023.06.13"]
[WhiteClock "0:00:37"]
[BlackClock "0:00:00"]
[Board "76"]

1. e4 c5 2. Nf3 d6 3. c3 Nf6 4. h3 g6 5. Bd3 Bg7 6. O-O O-O 7. Re1 b6 8. Bc2 Bb7 9. d4 Nbd7 10. d5 Qc7 11. a4 e5 12. Na3 c4 13. Nb5 Qb8 14. Nd2 Rc8 15. Qe2 a6 16. Na3 b5 17. Rb1 Rc5 18. Nf1 Bc8 19. Be3 Rc7 20. Nd2 Nc5 21. Kh1 Bd7 22. f4 Nh5 23. Qf2 Qe8 24. f5 Rb8 25. Rf1 Nd3 26. Bxd3 cxd3 27. axb5 axb5 28. Ra1 b4 29. Nac4 Bb5 30. Nxd6 Qd7 31. Nxb5 Rxb5 32. c4 Rb8 33. c5 Nf4 34. c6 Qe8 35. Nc4 f6 36. Bxf4 exf4 37. Qxf4 Qf7 38. fxg6 hxg6 39. Ra7 Rxa7 40. Qxb8+ Kh7 41. Qxb4 Re7 42. Nd6 Qf8 43. Qc4 Rc7 44. Nb5 Rc8 45. Qxd3 Rb8 46. c7 Ra8 47. d6 f5 48. exf5 g5 49. f6+ Kg8 50. fxg7 Qxg7 51. Qd5+ 1-0


[Site "https://www.chess.com"]

[Event "Titled Tuesday Blitz June 13 Early 2023"]
[White "Turzo, Attila"]
[Black "Jain Kashish Manoj"]
[WhiteFideId "704954"]
[BlackFideId "35081098"]
[WhiteElo "2505"]
[BlackElo "2181"]
[Result "1-0"]
[Round "8"]
[TimeControl "180+2"]
[Date "2023.06.13"]
[WhiteClock "0:00:08"]
[BlackClock "0:00:04"]
[Board "77"]

1. d4 Nf6 2. c4 g6 3. g3 Bg7 4. Bg2 O-O 5. Nf3 d6 6. O-O Nc6 7. Nc3 a6 8. h3 Rb8 9. Rb1 b5 10. b3 Na5 11. Nd2 Bd7 12. Bb2 Qc8 13. Kh2 bxc4 14. Nxc4 Nxc4 15. bxc4 c5 16. d5 Bf5 17. e4 Nxe4 18. Nxe4 Bxb2 19. Qd2 Bg7 20. Qa5 Rxb1 21. Rxb1 Bd4 22. Rb6 Bxe4 23. Bxe4 Bxf2 24. Qxa6 Qd8 25. Rb2 Bd4 26. Re2 e6 27. a4 Re8 28. Qb7 exd5 29. Qxd5 Qf6 30. Bf3 Rxe2+ 31. Bxe2 Qf2+ 32. Qg2 Qe3 33. Bd1 Kg7 34. h4 Be5 35. a5 Qd4 36. a6 Qxh4+ 37. Qh3 Qxc4 38. a7 Qa2+ 39. Qg2 Qxa7 40. Bb3 Qa1 41. Qd5 Bf6 42. Qxf7+ Kh6 43. Qf8+ Kg5 44. Qxd6 Qb2+ 45. Kh3 Qxb3 46. Qf4+ Kh5 47. Qxf6 Qe3 48. Qh4# 1-0


[Site "https://www.chess.com"]

[Event "Titled Tuesday Blitz June 13 Early 2023"]
[White "Chernobay, Artem"]
[Black "Khamdamova, Afruza"]
[WhiteFideId "4167406"]
[BlackFideId "14210444"]
[WhiteElo "2474"]
[BlackElo "2312"]
[Result "1-0"]
[Round "8"]
[TimeControl "180+2"]
[Date "2023.06.13"]
[WhiteClock "0:00:46"]
[BlackClock "0:00:10"]
[Board "78"]

1. d4 Nf6 2. c4 e6 3. Nf3 d5 4. g3 Be7 5. Bg2 O-O 6. O-O c6 7. Nbd2 Nbd7 8. Qc2 Re8 9. e4 dxe4 10. Nxe4 Nxe4 11. Qxe4 Nf6 12. Qc2 h6 13. a3 a5 14. b3 Qc7 15. Bb2 b6 16. Rfe1 Bb7 17. c5 b5 18. Ne5 Rad8 19. Qe2 Nd5 20. Rad1 Bf6 21. h4 Bxe5 22. dxe5 Rd7 23. Be4 Red8 24. Bc2 Ne7 25. Rd6 Nf5 26. Qe4 g6 27. h5 Kg7 28. Qf4 g5 29. Qf3 Qc8 30. Bxf5 Rxd6 31. exd6+ Kf8 32. Qc3 Ke8 33. Rxe6+ fxe6 34. Qh8+ 1-0


[Site "https://www.chess.com"]

[Event "Titled Tuesday Blitz June 13 Early 2023"]
[White "Belov, Alexei"]
[Black "krucki03"]
[WhiteFideId "4128206"]
[WhiteElo "2621"]
[BlackElo "2474"]
[Result "1-0"]
[Round "8"]
[TimeControl "180+2"]
[Date "2023.06.13"]
[WhiteClock "0:02:10"]
[BlackClock "0:02:07"]
[Board "79"]

1. e4 c5 2. Nf3 d6 3. d4 cxd4 4. Nxd4 Nf6 5. Nc3 g6 6. Be3 Bg7 7. f3 O-O 8. Qd2 Nc6 9. Bc4 Bd7 10. O-O-O Rc8 11. Bb3 Nxd4 12. Bxd4 b5 13. a3 a5 14. Rhe1 b4 15. axb4 axb4 16. Nd5 Nxd5 17. Bxg7 Kxg7 18. exd5 Re8 19. Qxb4 Kg8 20. Rd3 Rb8 21. Qd4 Qa5 22. Rde3 Rb4 23. Bc4 Rc8 24. b3 e5 25. dxe6 Bxe6 26. Rxe6 Rbxc4 27. Re8+ 1-0


[Site "https://www.chess.com"]

[Event "Titled Tuesday Blitz June 13 Early 2023"]
[White "Estrada Nieto, Julian"]
[Black "Altman, Joshua"]
[WhiteFideId "5101018"]
[BlackFideId "426210"]
[WhiteElo "2161"]
[BlackElo "2028"]
[Result "1-0"]
[Round "8"]
[TimeControl "180+2"]
[Date "2023.06.13"]
[WhiteClock "0:00:17"]
[BlackClock "0:00:13"]
[Board "80"]

1. e4 e6 2. d4 d5 3. Nd2 c5 4. exd5 Qxd5 5. Ngf3 cxd4 6. Bc4 Qd6 7. O-O Nf6 8. Nb3 Nc6 9. Nbxd4 Nxd4 10. Qxd4 Qxd4 11. Nxd4 Bc5 12. Nb3 Bb6 13. Be2 Bd7 14. a4 a5 15. Bf3 Bc6 16. Bxc6+ bxc6 17. Rd1 O-O 18. Kf1 Ng4 19. f3 Ne5 20. Ke2 h6 21. Bf4 Nc4 22. Ra2 Rfd8 23. Rxd8+ Rxd8 24. Nd2 Rd4 25. g3 g5 26. Nxc4 Rxc4 27. b3 Rc3 28. Bd2 Rc5 29. c4 Re5+ 30. Kd3 f5 31. Rc2 Kf7 32. Rc1 c5 33. Bc3 Bc7 34. Bxe5 Bxe5 35. Rd1 Bd4 36. b4 axb4 37. a5 Be5 38. a6 Bb8 39. Ra1 Ba7 40. Kc2 Ke7 41. Ra5 Kd6 42. Rb5 Kc6 43. Rb7 Bb6 44. Rb8 Kc7 45. Re8 e5 46. Re6 f4 47. g4 Ba5 48. Rxe5 Kb6 49. Re6+ Ka7 50. Rxh6 Bb6 51. Rg6 Kxa6 52. Rxg5 Ka5 53. Kb3 Bc7 54. Rf5 Kb6 55. h4 Bd8 56. g5 Kc6 57. g6 Kd6 58. g7 Ke6 59. Rf8 Bf6 60. g8=Q+ Kf5 61. Qg4+ Ke5 62. Rxf6 Kxf6 63. Qxf4+ Kg6 64. Qg5+ Kh7 65. Qxc5 Kg6 66. Kxb4 Kh6 67. Qg5+ Kh7 68. c5 Kh8 69. c6 Kh7 70. c7 Kh8 71. f4 Kh7 72. f5 Kh8 73. c8=Q+ Kh7 74. Qcg8# 1-0


[Site "https://www.chess.com"]

[Event "Titled Tuesday Blitz June 13 Early 2023"]
[White "ArtemDyachuk"]
[Black "De La Villa Garcia, Jesus Maria"]
[BlackFideId "2200040"]
[WhiteElo "2618"]
[BlackElo "2460"]
[Result "1-0"]
[Round "8"]
[TimeControl "180+2"]
[Date "2023.06.13"]
[WhiteClock "0:02:29"]
[BlackClock "0:01:49"]
[Board "81"]

1. e4 c6 2. d4 d5 3. Nc3 dxe4 4. Nxe4 Nf6 5. Nxf6+ exf6 6. c3 Bd6 7. Bd3 O-O 8. Qc2 Re8+ 9. Ne2 h5 10. Bd2 Nd7 11. O-O-O Nf8 12. Ng3 h4 13. Ne4 Bc7 14. Rhe1 Ng6 15. Nxf6+ gxf6 16. Bxg6 Rxe1 17. Rxe1 Be6 18. Bf5 Bxa2 19. Qe4 Be6 20. Bxe6 fxe6 21. Qg6+ Kf8 22. Rxe6 1-0


[Site "https://www.chess.com"]

[Event "Titled Tuesday Blitz June 13 Early 2023"]
[White "Kvaloy, Aksel Bu"]
[Black "FunnyDuck66"]
[WhiteFideId "1528815"]
[WhiteElo "2318"]
[BlackElo "2452"]
[Result "1-0"]
[Round "8"]
[TimeControl "180+2"]
[Date "2023.06.13"]
[WhiteClock "0:01:04"]
[BlackClock "0:00:51"]
[Board "82"]

1. e4 c6 2. d4 d5 3. exd5 cxd5 4. Bd3 Nc6 5. c3 Nf6 6. h3 g6 7. Nf3 Bf5 8. Ne5 Bxd3 9. Nxd3 e6 10. O-O Be7 11. Bh6 Bf8 12. Bg5 Be7 13. Nd2 O-O 14. Bxf6 Bxf6 15. Qf3 Bg7 16. g3 b5 17. a3 a5 18. b4 a4 19. Nc5 e5 20. dxe5 Nxe5 21. Qg2 Nc4 22. Rad1 Qg5 23. h4 Qf5 24. Nf3 Bxc3 25. g4 Qf4 26. Rxd5 Nxa3 27. Nd7 Rfd8 28. Rfd1 Qxb4 29. Ng5 Re8 30. Qf3 Re7 31. h5 Bg7 32. h6 Bxh6 33. Nf6+ Kg7 34. Ngxh7 Qf4 35. Qxa3 Qxg4+ 36. Nxg4 1-0


[Site "https://www.chess.com"]

[Event "Titled Tuesday Blitz June 13 Early 2023"]
[White "Sourath Biswas"]
[Black "DanyKopy"]
[WhiteFideId "35091484"]
[WhiteElo "2171"]
[BlackElo "2444"]
[Result "1/2-1/2"]
[Round "8"]
[TimeControl "180+2"]
[Date "2023.06.13"]
[WhiteClock "0:00:03"]
[BlackClock "0:00:06"]
[Board "83"]

1. d4 Nf6 2. Bf4 d5 3. e3 c5 4. dxc5 Nc6 5. Bb5 Bg4 6. f3 Bd7 7. c3 a5 8. a4 e6 9. Bd6 Bxd6 10. cxd6 O-O 11. Ne2 Ne8 12. Nd2 Nxd6 13. Bxc6 bxc6 14. Nd4 Rb8 15. Rb1 Qg5 16. Kf2 c5 17. Ne2 Nf5 18. Nf1 Bc6 19. b3 e5 20. Qd2 Qh4+ 21. g3 Qf6 22. Kg1 Rbd8 23. Qe1 d4 24. e4 d3 25. Nc1 Qh6 26. Qd2 Qh3 27. exf5 Bxf3 28. Ne3 e4 29. Na2 g6 30. f6 Rd6 31. c4 Rxf6 32. Nc3 Bxh1 33. Kxh1 Rf3 34. Ncd5 Rxg3 35. Qb2 f5 36. Ne7+ Kf7 37. N3d5 Rg4 38. Qf6+ Ke8 39. Qc6+ Kf7 40. Qf6+ Ke8 41. Qc6+ Kf7 42. Qf6+ 1/2-1/2


[Site "https://www.chess.com"]

[Event "Titled Tuesday Blitz June 13 Early 2023"]
[White "Torres Hernandez, Leslie Carolin"]
[Black "Nagare Kaivalya Sandip"]
[WhiteFideId "8400504"]
[BlackFideId "25957929"]
[WhiteElo "1920"]
[BlackElo "2024"]
[Result "0-1"]
[Round "8"]
[TimeControl "180+2"]
[Date "2023.06.13"]
[WhiteClock "0:00:01"]
[BlackClock "0:01:40"]
[Board "84"]

1. e4 c5 2. Nf3 d6 3. Bb5+ Nd7 4. a4 Nf6 5. Nc3 e5 6. O-O Be7 7. d3 O-O 8. Nd2 a6 9. Bc4 Nb6 10. Bb3 Be6 11. a5 Nbd7 12. Bxe6 fxe6 13. Re1 Qe8 14. Nc4 Qg6 15. Qf3 Ng4 16. Qg3 Qh5 17. h3 Nxf2 18. Be3 Bh4 19. Qh2 Qg6 20. g4 h5 21. Qg2 hxg4 22. hxg4 Nxg4 23. Nxd6 Bxe1 24. Rxe1 Qh5 25. Nxb7 Rf6 0-1


[Site "https://www.chess.com"]

[Event "Titled Tuesday Blitz June 13 Early 2023"]
[White "Herzog2012"]
[Black "robertoalejandro10"]
[WhiteElo "2415"]
[BlackElo "2607"]
[Result "1-0"]
[Round "8"]
[TimeControl "180+2"]
[Date "2023.06.13"]
[WhiteClock "0:00:12"]
[BlackClock "0:00:09"]
[Board "85"]

1. e4 c5 2. Nf3 g6 3. d4 cxd4 4. Nxd4 Bg7 5. Nc3 Nc6 6. Nb3 Nf6 7. Be2 a5 8. Bb5 O-O 9. O-O d6 10. Re1 Bg4 11. Qd3 Bd7 12. Qe2 h5 13. Bg5 Ne5 14. a4 Rc8 15. Nd5 Nxd5 16. exd5 Re8 17. c3 Qc7 18. Bxd7 Nxd7 19. Qb5 b6 20. Nd4 Bxd4 21. cxd4 Nf8 22. Rac1 Qb7 23. Rxc8 Qxc8 24. h3 f6 25. Bxf6 Kf7 26. Bg5 Nd7 27. Qe2 Nf6 28. Bxf6 exf6 29. Qxe8+ Qxe8 30. Rxe8 Kxe8 31. Kf1 Ke7 32. Ke2 f5 33. Kd3 g5 34. Kc4 Kd7 35. Kb5 Kc7 36. g3 Kb7 37. h4 gxh4 38. gxh4 f4 39. f3 Ka7 40. Kc6 Ka6 41. Kxd6 b5 42. axb5+ Kxb5 43. Ke5 Kb4 44. d6 Kb3 45. d7 Kxb2 46. d8=Q a4 47. Qa5 a3 48. d5 a2 49. d6 a1=Q 50. Qxa1+ Kxa1 51. d7 1-0


[Site "https://www.chess.com"]

[Event "Titled Tuesday Blitz June 13 Early 2023"]
[White "Fernandez Siles, Luis"]
[Black "Perez, Maximiliano"]
[WhiteFideId "2209420"]
[BlackFideId "117234"]
[WhiteElo "2195"]
[BlackElo "2334"]
[Result "1-0"]
[Round "8"]
[TimeControl "180+2"]
[Date "2023.06.13"]
[WhiteClock "0:00:11"]
[BlackClock "0:01:02"]
[Board "86"]

1. d4 Nf6 2. c4 e6 3. Nf3 d5 4. Nc3 dxc4 5. e3 c5 6. Bxc4 cxd4 7. exd4 Be7 8. O-O O-O 9. Qe2 b6 10. Rd1 Bb7 11. a3 Nbd7 12. Ba2 Rc8 13. Bg5 Re8 14. Rac1 a6 15. Bb1 b5 16. Ne5 Nd5 17. Bxh7+ Kxh7 18. Qh5+ Kg8 19. Qxf7+ Kh7 20. Rd3 Bxg5 21. Rh3+ Bh4 22. g3 Nxe5 23. dxe5 Nxc3 24. bxc3 Rxc3 25. Qh5+ Kg8 26. Rxc3 Bg5 27. Rc7 Bh6 28. Qf7+ Kh7 29. Qxg7# 1-0


[Site "https://www.chess.com"]

[Event "Titled Tuesday Blitz June 13 Early 2023"]
[White "Ahmad, Khagan"]
[Black "Hoffmann, Asa"]
[WhiteFideId "13431552"]
[BlackFideId "2001470"]
[WhiteElo "2209"]
[BlackElo "2117"]
[Result "1-0"]
[Round "8"]
[TimeControl "180+2"]
[Date "2023.06.13"]
[WhiteClock "0:00:14"]
[BlackClock "0:00:07"]
[Board "87"]

1. d4 Nf6 2. c4 c5 3. Nf3 cxd4 4. Nxd4 e5 5. Nf3 Nc6 6. Nc3 Bb4 7. Qc2 O-O 8. a3 Ba5 9. b4 Bc7 10. Bg5 d6 11. Nd5 Be6 12. Bxf6 gxf6 13. e3 Bxd5 14. cxd5 Ne7 15. Bd3 Nxd5 16. Bxh7+ Kg7 17. Bd3 Ne7 18. Rd1 d5 19. e4 d4 20. h4 Rc8 21. Qe2 Rh8 22. Nd2 a5 23. g3 axb4 24. axb4 Qd6 25. O-O Rcg8 26. Nc4 Qe6 27. Qf3 Ng6 28. Rfe1 Kf8 29. Kf1 Bd6 30. Nxd6 Qxd6 31. Rc1 Ke7 32. h5 Nf8 33. Rc8 Ne6 34. Rxg8 Rxg8 35. h6 Qxb4 36. Rb1 Qd2 37. Rxb7+ Kd6 38. h7 Rh8 39. Rxf7 Qc1+ 40. Kg2 Qh6 41. Qxf6 Qxf6 42. Rxf6 Rxh7 43. Bc4 Re7 44. Kf3 Kd7 45. Rxe6 Rxe6 46. Bxe6+ Kxe6 47. Ke2 Kf6 48. f4 Ke6 49. Kd3 Kf6 50. fxe5+ Kxe5 51. g4 Kf6 52. Kxd4 Ke6 53. g5 Ke7 54. Ke5 1-0


[Site "https://www.chess.com"]

[Event "Titled Tuesday Blitz June 13 Early 2023"]
[White "ATM622"]
[Black "Garrido, Denis"]
[BlackFideId "601217"]
[WhiteElo "2580"]
[BlackElo "2361"]
[Result "1-0"]
[Round "8"]
[TimeControl "180+2"]
[Date "2023.06.13"]
[WhiteClock "0:00:48"]
[BlackClock "0:00:10"]
[Board "88"]

1. d4 Nf6 2. c4 e6 3. g3 d5 4. Bg2 Be7 5. Nf3 O-O 6. O-O c6 7. Nbd2 b6 8. Qc2 Bb7 9. e4 Na6 10. b3 c5 11. e5 Nd7 12. Bb2 dxc4 13. Ng5 Bxg5 14. Bxb7 Nb4 15. Qc3 cxd4 16. Qxd4 Nc2 17. Qxc4 Nxa1 18. Bxa8 Qxa8 19. Ne4 Nxb3 20. Nxg5 Nbc5 21. Rd1 h6 22. Nh3 Qf3 23. Qc2 Nb8 24. Nf4 Nc6 25. Qe2 Qxe2 26. Nxe2 Nb4 27. Ba3 Nbd3 28. Bxc5 Nxc5 29. Kg2 Rc8 30. f4 Kf8 31. Kf3 Ke7 32. Rd6 Rd8 33. Rxd8 Kxd8 34. Nd4 Kd7 35. g4 a6 36. h4 b5 37. Ke3 Na4 38. h5 Nc3 39. a3 Nd5+ 40. Ke4 b4 41. axb4 Nxb4 42. g5 a5 43. f5 exf5+ 44. Nxf5 g6 45. gxh6 gxf5+ 46. Kxf5 Nd5 47. h7 Ne7+ 48. Kf6 1-0


[Site "https://www.chess.com"]

[Event "Titled Tuesday Blitz June 13 Early 2023"]
[White "Portela Peleteiro, Alberto"]
[Black "Deng, Henry"]
[WhiteFideId "22276106"]
[BlackFideId "30965454"]
[WhiteElo "2353"]
[BlackElo "2576"]
[Result "1-0"]
[Round "8"]
[TimeControl "180+2"]
[Date "2023.06.13"]
[WhiteClock "0:00:16"]
[BlackClock "0:00:00"]
[Board "89"]

1. e4 c5 2. Ne2 Nc6 3. g3 d5 4. Bg2 Nf6 5. exd5 Nxd5 6. Nbc3 e6 7. O-O Be7 8. Nxd5 exd5 9. d4 cxd4 10. Nxd4 O-O 11. c3 Bf6 12. Nxc6 bxc6 13. Be3 Re8 14. Qd2 Bf5 15. Rfe1 a5 16. Bd4 Qd6 17. Bxf6 Qxf6 18. Qf4 Bg6 19. Qxf6 gxf6 20. f4 a4 21. Kf2 a3 22. b4 Bf5 23. Rxe8+ Rxe8 24. Bf1 Rd8 25. Rd1 Bc2 26. Rd2 Bb1 27. Bd3 Bxd3 28. Rxd3 Rc8 29. Ke3 c5 30. Rxd5 cxb4 31. cxb4 Rc2 32. Rd2 Rb2 33. Kd3 Rxb4 34. Kc3 Rb8 35. Kc4 Rb2 36. Kc3 Rb8 37. Rc2 Kg7 38. Kd3 Rd8+ 39. Ke2 Rb8 40. Kd2 Rd8+ 41. Ke1 Rb8 42. Kd1 Rd8+ 43. Kc1 Rb8 44. Rc3 Rb2 45. Rc2 Rb8 46. Kd2 Rd8+ 47. Kc3 Rc8+ 48. Kb3 Ra8 49. Rc4 Kg6 50. Ra4 Rb8+ 51. Kxa3 Kf5 52. Rb4 Rc8 53. Kb3 Kg4 54. Rb5 f5 55. a4 Re8 56. a5 Re2 57. a6 Re1 58. Ra5 Re8 59. a7 Ra8 60. Kc4 Kh3 61. Ra2 h5 62. Kb5 h4 63. gxh4 Kxh4 64. Kb6 Kg4 65. Rf2 1-0


[Site "https://www.chess.com"]

[Event "Titled Tuesday Blitz June 13 Early 2023"]
[White "Csonka, Balazs"]
[Black "Andreassen, Lars"]
[WhiteFideId "742910"]
[BlackFideId "1504878"]
[WhiteElo "2404"]
[BlackElo "2119"]
[Result "1-0"]
[Round "8"]
[TimeControl "180+2"]
[Date "2023.06.13"]
[WhiteClock "0:00:52"]
[BlackClock "0:02:20"]
[Board "90"]

1. c4 e6 2. g3 d5 3. Bg2 Nf6 4. d4 Be7 5. Nf3 O-O 6. O-O a6 7. b3 b6 8. cxd5 exd5 9. Nc3 Be6 10. Ne5 Nfd7 11. f4 Nxe5 12. dxe5 c6 13. Kh1 Bf5 14. Bb2 Bb4 15. Qd4 Bxc3 16. Qxc3 Nd7 17. Qxc6 Be4 18. Bxe4 dxe4 19. Rfd1 1-0


[Site "https://www.chess.com"]

[Event "Titled Tuesday Blitz June 13 Early 2023"]
[White "Pakleza, Zbigniew"]
[Black "Jaivardhan Raj"]
[WhiteFideId "1119290"]
[BlackFideId "25744437"]
[WhiteElo "2410"]
[BlackElo "1772"]
[Result "1-0"]
[Round "8"]
[TimeControl "180+2"]
[Date "2023.06.13"]
[WhiteClock "0:00:08"]
[BlackClock "0:00:08"]
[Board "91"]

1. d3 d5 2. g3 Nf6 3. e3 e5 4. b3 Nc6 5. f3 Bd6 6. c3 Be6 7. a3 Qd7 8. Ne2 Bh3 9. Nd2 O-O 10. Bb2 Rad8 11. Qc2 Rfe8 12. O-O-O Bxf1 13. Nxf1 Qe7 14. b4 a5 15. e4 axb4 16. cxb4 Ra8 17. Ne3 Qe6 18. Qb3 Ra7 19. exd5 Na5 20. bxa5 Qd7 21. Nc4 Nxd5 22. Nc3 Nxc3 23. Bxc3 Qc6 24. f4 exf4 25. gxf4 Bxf4+ 26. Kb1 b5 27. axb6 cxb6 28. Rhf1 Bg5 29. Ne5 Qd6 30. Nxf7 Qxa3 31. Qxa3 Rxa3 32. Bb2 Ra5 33. Nxg5 Rxg5 34. Rg1 Rb5 35. Rxg7+ Kh8 36. Rc7+ Rxb2+ 37. Kxb2 Re2+ 38. Rc2 Re6 39. d4 Rd6 40. d5 Kg7 41. Rc6 Rd8 42. d6 Kf8 43. d7 Ke7 44. Rxb6 Rxd7 45. Rxd7+ Kxd7 46. Rh6 Ke7 47. Rxh7+ Kf8 48. Rh3 Kg8 49. Rg3+ 1-0


[Site "https://www.chess.com"]

[Event "Titled Tuesday Blitz June 13 Early 2023"]
[White "Bruedigam, Martin"]
[Black "Ovetchkin, Roman"]
[WhiteFideId "24608033"]
[BlackFideId "4119991"]
[WhiteElo "2331"]
[BlackElo "2398"]
[Result "0-1"]
[Round "8"]
[TimeControl "180+2"]
[Date "2023.06.13"]
[WhiteClock "0:00:11"]
[BlackClock "0:00:16"]
[Board "92"]

1. d4 Nf6 2. c4 g6 3. f3 Bg7 4. e4 d6 5. Nc3 O-O 6. Be3 a6 7. Qd2 Nbd7 8. Nh3 c5 9. d5 b5 10. cxb5 Qa5 11. b6 Nxb6 12. Nf2 Nfd7 13. Be2 Ne5 14. Ncd1 Qxd2+ 15. Bxd2 e6 16. Ne3 exd5 17. exd5 Bb7 18. f4 Ned7 19. Bf3 Na4 20. Nc4 Rfe8+ 21. Kd1 Ndb6 22. Nxd6 Bxd5 23. Nxe8 Bxf3+ 24. gxf3 Rxe8 25. Kc2 Bxb2 26. Rae1 Rc8 27. Ne4 c4 28. Bc3 Bxc3 29. Nxc3 Nxc3 30. Kxc3 Nd5+ 31. Kd4 Nxf4 32. Re4 Ne6+ 33. Kc3 Rc5 34. Rxc4 Rf5 35. Rf1 Ng5 36. f4 Ne6 37. a4 a5 38. Re4 Rc5+ 39. Kb3 Rh5 40. Rf2 Nc5+ 0-1


[Site "https://www.chess.com"]

[Event "Titled Tuesday Blitz June 13 Early 2023"]
[White "Kielinkei"]
[Black "Moral Garcia, Serafin"]
[BlackFideId "2201925"]
[WhiteElo "2485"]
[BlackElo "2274"]
[Result "0-1"]
[Round "8"]
[TimeControl "180+2"]
[Date "2023.06.13"]
[WhiteClock "0:00:04"]
[BlackClock "0:00:36"]
[Board "93"]

1. e4 e5 2. Nf3 Nc6 3. Bc4 Bc5 4. c3 Nf6 5. d3 a6 6. O-O Ba7 7. h3 d6 8. Re1 O-O 9. Nbd2 Na5 10. Nf1 Nxc4 11. dxc4 Be6 12. b3 b5 13. cxb5 axb5 14. Be3 Qd7 15. Bxa7 Rxa7 16. Ng3 Rfa8 17. Qc2 Ra3 18. Qb2 Qc6 19. Ng5 Bd7 20. Re2 h6 21. Nf3 Qa6 22. Rc2 Be6 23. Nd2 Nd7 24. Ne2 Nc5 25. Nc1 f5 26. c4 bxc4 27. Nxc4 Bxc4 28. Rxc4 Nxe4 29. Rxc7 Qb6 30. Rc4 d5 31. Rc2 d4 32. Nd3 Qd6 33. f3 Nc3 34. Kh1 Rxa2 35. Rxa2 Rxa2 36. Qc1 Rxc2 37. Qxc2 e4 38. fxe4 fxe4 39. Nf2 e3 40. Nd3 Qg3 41. Qc1 e2 42. Qd2 Qxd3 43. Qxd3 e1=Q+ 44. Kh2 Qe5+ 45. Kh1 Ne4 46. Qc4+ Kh8 47. Qd3 Nf2+ 0-1


[Site "https://www.chess.com"]

[Event "Titled Tuesday Blitz June 13 Early 2023"]
[White "Becerra, Juan David"]
[Black "LangesNasenhaar"]
[WhiteFideId "4404998"]
[WhiteElo "2304"]
[BlackElo "2470"]
[Result "1-0"]
[Round "8"]
[TimeControl "180+2"]
[Date "2023.06.13"]
[WhiteClock "0:00:10"]
[BlackClock "0:00:07"]
[Board "94"]

1. e4 d6 2. d4 Nf6 3. Nc3 Nbd7 4. Nge2 e5 5. h3 Be7 6. g4 h6 7. Bg2 c6 8. O-O b5 9. a3 O-O 10. f4 exf4 11. Bxf4 Bb7 12. Qd2 a5 13. Ng3 b4 14. Nce2 Ne8 15. axb4 axb4 16. Rxa8 Qxa8 17. Nf5 Qd8 18. Qxb4 Ba6 19. Rf2 c5 20. dxc5 Nxc5 21. Neg3 Bf6 22. Rd2 Ne6 23. Bxd6 Nxd6 24. Rxd6 Qc8 25. e5 Bg5 26. Ne4 Bd8 27. Rc6 Qa8 28. Kh2 Nf4 29. Bf3 Qa7 30. Qc5 Qb7 31. b4 Ne6 32. Rxe6 fxe6 33. Nf6+ Bxf6 34. Bxb7 Bxb7 35. exf6 Rxf6 36. Ne7+ Kf7 37. Nc6 h5 38. Qe7+ Kg6 39. Qxb7 hxg4 40. hxg4 Rf2+ 41. Kg3 Rxc2 42. Qe7 Rc3+ 43. Kh4 Re3 44. Qe8+ Kf6 45. Qf8+ Kg6 46. Ne7+ Kh7 47. Qf7 Re1 48. Qh5# 1-0


[Site "https://www.chess.com"]